 Dungeon Crawl Stone Soup version 0.18-a0-844-g9229740 (webtiles) character file.

126 Proton the Insei (level 5, -5/28 HPs)
             Began as a Vine Stalker Monk on Dec 19, 2015.
             Slain by an orc wizard
             ... wielding a +0 dagger of electrocution
              (16 damage)
             ... on level 3 of the Dungeon.
             The game lasted 00:03:54 (2331 turns).

Proton the Insei (Vine Stalker Monk)                Turns: 2331, Time: 00:03:55

Health: -5/28      AC:  3    Str: 14    XL:     5   Next: 10%
Magic:  0/6        EV: 13    Int: 10    God:
Gold:   140        SH:  0    Dex: 17    Spells: 0 memorised, 4 levels left

rFire  . . .     SeeInvis .       - Unarmed
rCold  . . .     Gourm    .     a - +0 robe
rNeg   . . .     Faith    .     (no shield)
rPois  .         Spirit   +     (no helmet)
rElec  .         Dismiss  .     (no cloak)
rCorr  .         Reflect  .     (no gloves)
SustAt .         Harm     .     h - +0 pair of boots
MR     .....                    (no amulet)
Stlth  ++........               (no ring)
                                (no ring)

@: not resistant to hostile enchantments, unstealthy
A: fangs 2, regeneration 1, magic shield, antimagic bite, no device heal 3, rot
immunity
a: no special abilities


You were on level 3 of the Dungeon.
You were very hungry.

You visited 1 branch of the dungeon, and saw 4 of its levels.

You collected 140 gold pieces.

Inventory:

Armour
 a - a +0 robe (worn)
 h - a +0 pair of boots (worn)
Wands
 v - a wand of random effects (21)
Scrolls
 c - 4 scrolls of remove curse {unknown}
 e - a scroll of random uselessness {unknown}
 f - a scroll of fear {unknown}
 i - a scroll of amnesia {unknown}
 k - a scroll of enchant weapon {unknown}
 l - 2 scrolls of recharging {unknown}
 m - a scroll of fog {unknown}
 n - 2 scrolls of identify {unknown}
 o - 2 scrolls of noise {unknown}
 q - a scroll of immolation {unknown}
 r - 6 scrolls of teleportation {unknown}
 w - a scroll of magic mapping {unknown}
Potions
 g - 2 potions of curing {unknown}
 j - a potion of ambrosia {unknown}
 s - 2 potions of might {unknown}
Books
 u - a book of Necromancy

   Spells                             Type                      Level
   a - Pain                           Necromancy                   1
   b - Animate Skeleton               Necromancy                   1
   c - Vampiric Draining              Necromancy                   3
   d - Regeneration                   Charms/Necromancy            3
   e - Animate Dead                   Necromancy                   4
   f - Control Undead                 Necromancy                   4
Comestibles
 b - 3 bread rations
 d - 2 fruits
 p - a meat ration


   Skills:
 + Level 3.3 Fighting
 + Level 1.2 Armour
 + Level 3.0 Dodging
 - Level 2.4 Stealth
 * Level 5.0 Unarmed Combat


You had 4 spell levels left.
You didn't know any spells.

Dungeon Overview and Level Annotations

Branches:
Dungeon (4/15)
 Temple: D:4-7

Altars:
Gozag
Sif Muna
Yredelemnul

Annotations:
D:4 Edmund


Innate Abilities, Weirdness & Mutations

You have extremely sharp teeth.
Your natural rate of healing is unusually fast.
When hurt, damage is shared between your health and your magic reserves.
Your bite disrupts and absorbs the magic of your enemies.
Potions and wands cannot restore your health.
You are immune to rotting.


Message History

You hear some strange, mumbled words.
A puff of flame appears from out of thin air!
The puff of flame hits you!
You miss something. You bite something. You drain its magic.
You feel invigorated. Something hits you.
You are electrocuted!
You closely miss something. Your bite misses something.
You hit something but do no damage. Your bite misses something.
There is a stone staircase leading up here.
Something hits you.
You climb upwards.
There is a stone staircase leading down, spattered with blood here.
You barely miss something. Something hits you but does no damage.
You miss something. You bite something. You drain its magic.
You feel invigorated. Something barely misses you.
You closely miss something. You hit something. Something hits you.
You hit something but do no damage. Something hits you.
You hit something. Something hits you but does no damage.
You are electrocuted!
Ouch! That really hurt!
You die...

############...#.#### ##..#.#
#..#.# ##.#.# ######### #.#.#
#........ #.#.# #.######. #...#
#......#. #...#############.#.
##############..@............#.#.
................†................
##############.###########.#.#.#.
#<# #.# #.#...). #.# #.# #.######
#.# #.# #....... #.# #.# ########
#.# #.# #.# #.#


There were no monsters in sight!

Vanquished Creatures
  5 adders
  A gnoll (D:1)
  An ooze (D:1)
  A worm (D:2)
  A giant gecko (D:1)
  7 orcs (D:3)
  6 bats
  3 giant cockroaches
  2 gnoll zombies (D:3)
  3 goblins
  7 hobgoblins
  2 ball pythons
  8 giant newts
  4 jackals (D:3)
  9 kobolds
  5 rats
65 creatures vanquished.

Notes
Turn   | Place    | Note
--------------------------------------------------------------
     0 | D:1      | Proton the Vine Stalker Monk began the quest for the Orb.
     0 | D:1      | Reached XP level 1. HP: 11/11 MP: 2/2
   138 | D:1      | Reached XP level 2. HP: 16/16 MP: 3/3
   285 | D:1      | Reached XP level 3. HP: 16/19 MP: 4/4
   880 | D:2      | Found a deep blue altar of Sif Muna.
  1015 | D:2      | Reached skill level 1 in Armour
  1030 | D:2      | HP: 1/20 [worm (6)]
  1219 | D:2      | Reached XP level 4. HP: 24/24 MP: 5/5
  1749 | D:3      | Found an opulent altar of Gozag.
  1917 | D:3      | Found a basalt altar of Yredelemnul.
  2020 | D:3      | Reached skill level 5 in Unarmed Combat
  2092 | D:4      | Noticed Edmund
  2121 | D:3      | Reached XP level 5. HP: 14/28 MP: 2/6
  2331 | D:3      | Slain by an orc wizard

Vault maps used:
D:1:      minmay_arrival_split_and_join
D:2:      lemuel_blue_sif_altar
D:3:      lemuel_zombie_altar_yredelemnul, grunt_gozag_breadcrumbs, first_bread
D:4:      marbit_many_paths, serial_shops, shop, cheibrodos_ashenzari_chains,
          uniq_natasha, uniq_eustachio, uniq_edmund

Action                   |  1- 3 |  4- 6 || total
-------------------------+-------+-------++-------
Melee: Unarmed           |    99 |    95 ||   194
 Stab: Sleeping          |     4 |     4 ||     8
  Eat: Royal jelly       |     1 |       ||     1
       Pizza             |       |     1 ||     1
